TOP OF THE 1ST |
Intercourse Amish batting - Pitching for Minnesota ManBearPigs : RHP Dan Catron
|
Pitching: RHP Dan Catron
|
|
Batting: RHB Joel Hebert
|
0-0: Ground out 5-3 (Groundball, 5)
|
Batting: RHB Esteban Ayala
|
0-0: Called Strike 0-1: Ball 1-1: Foul Ball, location: 2F 1-2: Ball 2-2: Foul Ball, location: 2F 2-2: Ball 3-2: Base on Balls
|
Batting: RHB Júlio Serra
|
0-0: Ball 1-0: Called Strike 1-1: Called Strike 1-2: Ball 2-2: Strikes out swinging
|
Batting: RHB Holden Davis
|
0-0: Called Strike 0-1: Ball 1-1: Ball Esteban Ayala steals 2nd base 2-1: Fly out, F3 (Popup, 23F)
|
Top of the 1st over - 0 runs, 0 hits, 0 errors, 1 left on base; Intercourse 0 - Minnesota 0 |
BOTTOM OF THE 1ST |
Minnesota ManBearPigs batting - Pitching for Intercourse Amish : LHP Miguel Meneces
|
Pitching: LHP Miguel Meneces
|
|
Batting: RHB Carlos López
|
0-0: Called Strike 0-1: SINGLE (Line Drive, 7S)
|
Batting: RHB Eduardo Rojas
|
0-0: Called Strike 0-1: Ball 1-1: Fly out, F7 (Line Drive, 7)
|
Batting: RHB Jaime Hernández
|
0-0: Ball 1-0: Foul Ball, location: 2F 1-1: SINGLE (Groundball, 34D) Carlos López to second Runner from 2nd tries for 3rd, SAFE, no throw
|
Batting: RHB Jeffrey Hicks
|
0-0: Ball 1-0: Swinging Strike 1-1: Ball 2-1: Foul Ball, location: 2F 2-2: SINGLE (Line Drive, 89S) Carlos López scores Jaime Hernández to second
|
Batting: RHB Irving Galloway
|
0-0: Ball 1-0: Foul Ball, location: 2F 1-1: Grounds into double play, 6-4-3 (Groundball, 6)
|
Bottom of the 1st over - 1 run, 3 hits, 0 errors, 1 left on base; Intercourse 0 - Minnesota 1 |
TOP OF THE 2ND |
Intercourse Amish batting - Pitching for Minnesota ManBearPigs : RHP Dan Catron
|
Batting: RHB Frank Maxwell
|
0-0: Ball 1-0: Called Strike 1-1: Swinging Strike 1-2: Ball 2-2: SINGLE (Flyball, 89M)
|
Batting: SHB Sean Moody
|
0-0: Ball 1-0: Ball 2-0: Called Strike 2-1: Foul Ball, location: 2F 2-2: Ball 3-2: Foul Ball, location: 2F 3-2: Base on Balls Frank Maxwell to second
|
Batting: SHB Conan Hanson
|
0-0: Fly out, F7 (Flyball, 7LS)
|
Batting: RHB Juan Ortega
|
0-0: Fielders Choice at 2nd, 3-6 (Groundball, 34) Frank Maxwell to third
|
Batting: RHB Jeremiah Ward
|
0-0: Called Strike 0-1: Ball 1-1: Swinging Strike 1-2: Strikes out swinging
|
Top of the 2nd over - 0 runs, 1 hit, 0 errors, 2 left on base; Intercourse 0 - Minnesota 1 |
BOTTOM OF THE 2ND |
Minnesota ManBearPigs batting - Pitching for Intercourse Amish : LHP Miguel Meneces
|
Batting: RHB James Hunter
|
0-0: Ball 1-0: Swinging Strike 1-1: SOLO HOME RUN (Flyball, 78XD), Distance : 398 ft
|
Batting: SHB Darrel Lang
|
0-0: Ball 1-0: Ball 2-0: Swinging Strike 2-1: Ball 3-1: Called Strike 3-2: SINGLE (Line Drive, 6D)
|
Batting: RHB Pedro López
|
0-0: Called Strike 0-1: Called Strike 0-2: Ball 1-2: Foul Ball, location: 2F 1-2: Ball 2-2: Strikes out looking
|
Batting: SHB Jorge Rodríguez
|
0-0: Ball 1-0: Called Strike 1-1: Ball 2-1: Called Strike 2-2: Strikes out swinging
|
Batting: RHB Carlos López
|
0-0: Foul Ball, location: 2F 0-1: Swinging Strike 0-2: Ball 1-2: Strikes out swinging
|
Bottom of the 2nd over - 1 run, 2 hits, 0 errors, 1 left on base; Intercourse 0 - Minnesota 2 |
TOP OF THE 3RD |
Intercourse Amish batting - Pitching for Minnesota ManBearPigs : RHP Dan Catron
|
Batting: RHB Joel Hebert
|
0-0: Ball 1-0: Ball 2-0: SINGLE (Groundball, 34D)
|
Batting: RHB Esteban Ayala
|
0-0: Ball 1-0: Foul Ball, location: 2F 1-1: Called Strike 1-2: Ball 2-2: Ball 3-2: Foul Ball, location: 2F 3-2: Fly out, F9 (Line Drive, 9)
|
Batting: RHB Júlio Serra
|
0-0: Fly out, F8 (Line Drive, 8RM)
|
Batting: RHB Holden Davis
|
0-0: Ball 1-0: DOUBLE (Line Drive, 7LM) Joel Hebert to third Runner from 3rd tries for Home, SAFE, no throw
|
Batting: RHB Frank Maxwell
|
0-0: Swinging Strike 0-1: Swinging Strike 0-2: Foul Ball, location: 2F 0-2: Ball 1-2: Strikes out swinging
|
Top of the 3rd over - 1 run, 2 hits, 0 errors, 1 left on base; Intercourse 1 - Minnesota 2 |
BOTTOM OF THE 3RD |
Minnesota ManBearPigs batting - Pitching for Intercourse Amish : LHP Miguel Meneces
|
Batting: RHB Eduardo Rojas
|
0-0: Ball 1-0: Ball 2-0: Swinging Strike 2-1: Swinging Strike 2-2: Strikes out looking
|
Batting: RHB Jaime Hernández
|
0-0: Ball 1-0: Ball 2-0: Ball 3-0: Called Strike 3-1: Called Strike 3-2: Fly out, F3 (Popup, 3SF)
|
Batting: RHB Jeffrey Hicks
|
0-0: Ground out 4-3 (Groundball, 4S)
|
Bottom of the 3rd over - 0 runs, 0 hits, 0 errors, 0 left on base; Intercourse 1 - Minnesota 2 |
TOP OF THE 4TH |
Intercourse Amish batting - Pitching for Minnesota ManBearPigs : RHP Dan Catron
|
Batting: SHB Sean Moody
|
0-0: Ground out 4-3 (Groundball, 4)
|
Batting: SHB Conan Hanson
|
0-0: Called Strike 0-1: Fly out, F8 (Flyball, 8RM)
|
Batting: RHB Juan Ortega
|
0-0: Called Strike 0-1: Swinging Strike 0-2: Foul Ball, location: 2F 0-2: Ball 1-2: Strikes out swinging
|
Top of the 4th over - 0 runs, 0 hits, 0 errors, 0 left on base; Intercourse 1 - Minnesota 2 |
BOTTOM OF THE 4TH |
Minnesota ManBearPigs batting - Pitching for Intercourse Amish : LHP Miguel Meneces
|
Batting: RHB Irving Galloway
|
0-0: Ball 1-0: Fly out, F6 (Line Drive, 6)
|
Batting: RHB James Hunter
|
0-0: Ball 1-0: Called Strike 1-1: Ball 2-1: Ball 3-1: Fly out, F3 (Popup, 3F)
|
Batting: SHB Darrel Lang
|
0-0: Ball 1-0: Called Strike 1-1: Ground out 6-3 (Groundball, 6)
|
Bottom of the 4th over - 0 runs, 0 hits, 0 errors, 0 left on base; Intercourse 1 - Minnesota 2 |
TOP OF THE 5TH |
Intercourse Amish batting - Pitching for Minnesota ManBearPigs : RHP Dan Catron
|
Batting: RHB Jeremiah Ward
|
0-0: Called Strike 0-1: Ball 1-1: Ball 2-1: Swinging Strike 2-2: Fly out, F7 (Flyball, 78S)
|
Batting: RHB Joel Hebert
|
0-0: Ball 1-0: Ball 2-0: Called Strike 2-1: Swinging Strike 2-2: Strikes out looking
|
Batting: RHB Esteban Ayala
|
0-0: Called Strike 0-1: Ball 1-1: Ball 2-1: Swinging Strike 2-2: Ball 3-2: Foul Ball, location: 2F 3-2: SINGLE (Groundball, 56S) (infield hit)
|
Batting: RHB Júlio Serra
|
0-0: Called Strike 0-1: SINGLE (Line Drive, 6M) Esteban Ayala to second
|
Batting: RHB Holden Davis
|
0-0: Ball 1-0: Fielders Choice at 2nd, 5-4 (Groundball, 5L)
|
Top of the 5th over - 0 runs, 2 hits, 0 errors, 2 left on base; Intercourse 1 - Minnesota 2 |
BOTTOM OF THE 5TH |
Minnesota ManBearPigs batting - Pitching for Intercourse Amish : LHP Miguel Meneces
|
Batting: RHB Pedro López
|
0-0: Ball 1-0: Called Strike 1-1: Ball 2-1: Foul Ball, location: 2F 2-2: Strikes out swinging
|
Batting: SHB Jorge Rodríguez
|
0-0: Swinging Strike 0-1: Called Strike 0-2: Ball 1-2: Strikes out swinging
|
Batting: RHB Carlos López
|
0-0: Ball 1-0: Fly out, F8 (Flyball, 8LM)
|
Bottom of the 5th over - 0 runs, 0 hits, 0 errors, 0 left on base; Intercourse 1 - Minnesota 2 |
TOP OF THE 6TH |
Intercourse Amish batting - Pitching for Minnesota ManBearPigs : RHP Dan Catron
|
Pitching: RHP Ricardo Alonso
|
|
Batting: RHB Frank Maxwell
|
0-0: Called Strike 0-1: Ground out 6-3 (Groundball, 6)
|
Batting: SHB Sean Moody
|
0-0: Ball 1-0: Ball 2-0: SINGLE (Line Drive, 78S)
|
Batting: SHB Conan Hanson
|
0-0: Ball 1-0: Called Strike 1-1: Ball Wild Pitch! Sean Moody to second 2-1: Ball 3-1: Base on Balls
|
Batting: RHB Juan Ortega
|
0-0: Ball 1-0: Grounds into double play, 6-4-3 (Groundball, 6)
|
Top of the 6th over - 0 runs, 1 hit, 0 errors, 1 left on base; Intercourse 1 - Minnesota 2 |
BOTTOM OF THE 6TH |
Minnesota ManBearPigs batting - Pitching for Intercourse Amish : LHP Miguel Meneces
|
Batting: RHB Eduardo Rojas
|
0-0: Ball 1-0: Called Strike 1-1: Hit by Pitch
|
Pinch Runner at 1st Juan Carlos González:
|
|
Batting: RHB Jaime Hernández
|
0-0: Ball 1-0: Ball 2-0: Swinging Strike 2-1: SINGLE (Line Drive, 89M) Juan Carlos González to second Runner from 2nd tries for 3rd, SAFE, throw made to third
|
Batting: RHB Jeffrey Hicks
|
0-0: Foul Ball, location: 2F 0-1: Ball 1-1: Ball 2-1: Ground out 5-3 (Groundball, 5S) Juan Carlos González scores Jaime Hernández to second
|
Batting: RHB Irving Galloway
|
0-0: Swinging Strike 0-1: Ball 1-1: Foul Ball, location: 2F 1-2: SINGLE (Groundball, 4S) (infield hit) Jaime Hernández to third
|
Batting: RHB James Hunter
|
0-0: Ball 1-0: Ball 2-0: Ball 3-0: Base on Balls Irving Galloway to second
|
Batting: SHB Darrel Lang
|
0-0: Called Strike 0-1: Ball 1-1: Foul Ball, location: 2F 1-2: Fly out, F1 (Line Drive, 15)
|
Batting: RHB Pedro López
|
0-0: Called Strike 0-1: Foul Ball, location: 2F 0-2: Strikes out looking
|
Bottom of the 6th over - 1 run, 2 hits, 0 errors, 3 left on base; Intercourse 1 - Minnesota 3 |
TOP OF THE 7TH |
Intercourse Amish batting - Pitching for Minnesota ManBearPigs : RHP Ricardo Alonso
|
Now at SS: Juan Carlos González
|
|
Now in RF: Carlos Luna
|
|
Batting: RHB Jeremiah Ward
|
0-0: Ball 1-0: Ball 2-0: Foul Ball, location: 2F 2-1: Ball 3-1: DOUBLE (Line Drive, 7D)
|
Batting: RHB Joel Hebert
|
0-0: Called Strike 0-1: Ball 1-1: Called Strike 1-2: Ball 2-2: Strikes out swinging
|
Batting: RHB Esteban Ayala
|
0-0: Called Strike Jeremiah Ward steals 3rd base 0-1: Ball 1-1: Ball 2-1: Ball 3-1: Called Strike 3-2: Base on Balls
|
Batting: RHB Júlio Serra
|
0-0: Called Strike 0-1: Called Strike 0-2: Ground out 6-3 (Groundball, 6MD) Jeremiah Ward scores Esteban Ayala to second
|
Batting: RHB Holden Davis
|
0-0: Ball 1-0: Ball 2-0: Called Strike 2-1: Ground out 6-3 (Groundball, 6S)
|
Top of the 7th over - 1 run, 1 hit, 0 errors, 1 left on base; Intercourse 2 - Minnesota 3 |
BOTTOM OF THE 7TH |
Minnesota ManBearPigs batting - Pitching for Intercourse Amish : LHP Miguel Meneces
|
Pitching: RHP Jonathan Anderson
|
|
Batting: SHB Jorge Rodríguez
|
0-0: Called Strike 0-1: Ball 1-1: Swinging Strike 1-2: Strikes out swinging
|
Batting: RHB Carlos López
|
0-0: Ball 1-0: Called Strike 1-1: Ground out 5-3 (Groundball, 56)
|
Batting: SHB Juan Carlos González
|
0-0: Called Strike 0-1: Ground out 5-3 (Groundball, 2L)
|
Bottom of the 7th over - 0 runs, 0 hits, 0 errors, 0 left on base; Intercourse 2 - Minnesota 3 |
TOP OF THE 8TH |
Intercourse Amish batting - Pitching for Minnesota ManBearPigs : RHP Ricardo Alonso
|
Now at C: Nicoli Turina
|
|
Now at 2B: Martín Pérez
|
|
Batting: RHB Frank Maxwell
|
0-0: Ball 1-0: Ground out 4-3 (Groundball, 4M)
|
Batting: SHB Sean Moody
|
0-0: Called Strike 0-1: Called Strike 0-2: Ball 1-2: SINGLE (Groundball, 56) (infield hit)
|
Pitching: RHP Danny Johnston
|
|
Pinch Runner at 1st Jesús Raugel:
|
|
Batting: SHB Conan Hanson
|
0-0: Called Strike 0-1: Ball 1-1: Ball 2-1: Ball 3-1: Swinging Strike 3-2: Fielders Choice at 2nd, 6-4 (Groundball, 6)
|
Pinch Hitting: LHB Bruce Foster
|
0-0: Ball 1-0: Ball 2-0: Ball 3-0: Called Strike 3-1: Foul Ball, location: 2F 3-2: Foul Ball, location: 2F 3-2: Strikes out swinging
|
Top of the 8th over - 0 runs, 1 hit, 0 errors, 1 left on base; Intercourse 2 - Minnesota 3 |
BOTTOM OF THE 8TH |
Minnesota ManBearPigs batting - Pitching for Intercourse Amish : RHP Jonathan Anderson
|
Now at 3B: Frank Grant
|
|
Batting: RHB Jaime Hernández
|
0-0: Fly out, F9 (Flyball, 9S)
|
Batting: RHB Jeffrey Hicks
|
0-0: Ball 1-0: SINGLE (Groundball, 34S) (infield hit)
|
Batting: RHB Irving Galloway
|
0-0: Called Strike 0-1: Ball 1-1: Foul Ball, location: 2F 1-2: Ball Jeffrey Hicks steals 2nd base 2-2: Ground out 4-3 (Groundball, 34) Jeffrey Hicks to third
|
Pinch Hitting: LHB Pedro Escobar
|
0-0: Ball 1-0: Called Strike 1-1: Ball 2-1: Foul Ball, location: 2F 2-2: Ball 3-2: Fly out, F4 (Popup, 34D)
|
Bottom of the 8th over - 0 runs, 1 hit, 0 errors, 1 left on base; Intercourse 2 - Minnesota 3 |
TOP OF THE 9TH |
Intercourse Amish batting - Pitching for Minnesota ManBearPigs : RHP Danny Johnston
|
Pitching: RHP Manuel Trujillo
|
|
Now at 3B: Lorenzo Féliz
|
|
Pinch Hitting: RHB Gustavo Rodríguez
|
0-0: Foul Ball, location: 2F 0-1: Ball 1-1: SINGLE (Flyball, 9S)
|
Pinch Runner at 1st José Castillo:
|
|
Batting: RHB Joel Hebert
|
0-0: Ball 1-0: Ball 2-0: Ball 3-0: Called Strike 3-1: Base on Balls José Castillo to second
|
Batting: RHB Esteban Ayala
|
0-0: Ball 1-0: Swinging Strike 1-1: Foul Ball, location: 2F 1-2: Strikes out swinging
|
Batting: RHB Júlio Serra
|
0-0: Called Strike 0-1: Swinging Strike 0-2: Strikes out swinging
|
Batting: RHB Holden Davis
|
0-0: Ball 1-0: Ball 2-0: Called Strike 2-1: Foul Ball, location: 2F 2-2: Ball 3-2: Fly out, F5 (Popup, 5SF)
|
Top of the 9th over - 0 runs, 1 hit, 0 errors, 2 left on base; Intercourse 2 - Minnesota 3 |
|